 Dungeon Crawl Stone Soup version 0.32-a0-913-g739538afd8 (webtiles) character file.

Game seed: 16391251204902042867

2909 kae the Martial Artist (level 9, -1/106 HPs)
             Began as a Demonspawn Shapeshifter on Apr 9, 2024.
             Was an Initiate of Ru.
             Slain by an orc warlord
             ... wielding a +5 battleaxe
              (24 damage)
             ... in a bailey.
             The game lasted 00:05:54 (5813 turns).

kae the Martial Artist (Demonspawn Shapeshifter)    Turns: 5813, Time: 00:05:54

Health: -1/106     AC: 24    Str: 11 (14) XL:     9   Next: 49%
Magic:  9/9        EV:  2    Int: 10 (12) God:    Ru [......]
Gold:   380        SH:  0    Dex: 15 (16) Spells: 8/8 levels left

rFire   . .          .
                       - Unarmed
rCold   . . .        (no shield)
rNeg    + . .        r - melded +2 scale mail of Noughts and Crosses {rF+ rC+ Regen+}
rPois   +            (helmet currently unavailable)
rElec   +            (cloak currently unavailable)
rCorr   .            (gloves currently unavailable)
SInv    +            (boots currently unavailable)
Will    .....        (no amulet)
Stlth   +            o - ring of Gaafaphi {Fly rElec rN+ SInv}
HPRegen 0.37/turn    (no ring)
MPRegen 0.11/turn

%: no passive effects
@: brilliant, tree-form, hasted, studying Unarmed Combat, very quick
A: stationary, stasis, torment immunity, boosted hp, (horns 2), (large bone
plates 1), foul stench 1, (spiny 1)
a: Renounce Religion


You were in a bailey.
You worshipped Ru.
Ru was noncommittal.
You were a tree.
You visited 2 branches of the dungeon, and saw 8 of its levels.
You also visited: Bailey.

You collected 380 gold pieces.


Innate Abilities, Weirdness & Mutations

You are a tree.
Your roots penetrate the ground, keeping you stationary.
You cannot be teleported.
You are immune to unholy pain and torment.
Your maximum health is greatly increased.
Your equipment is partially melded.
((You have a pair of horns on your head.))
((You are partially covered in large bone plates. (SH +4)))
You may rarely emit foul miasma when damaged in melee.
((You are partially covered in sharp spines.))


   Skills:
 + Level 6.5 Fighting
 - Level 1.7 Dodging
 + Level 8.6 Unarmed Combat
 * Level 8.4 Shapeshifting


You had 8 spell levels left.
You didn't know any spells.
Your spell library was empty.

Inventory:

Missiles
 f - 51 stones (quivered)
 l - 5 boomerangs
 q - 3 poisoned darts
 y - 3 atropa-tipped darts
Armour
 a - a +1 animal skin
 r - the +2 scale mail of Noughts and Crosses (melded) {rF+ rC+ Regen+}
   (You found it on level 4 of the Dungeon)

   rF+:       It protects you from fire.
   rC+:       It protects you from cold.
   Regen+:    It increases your rate of health regeneration.
 A - a +1 pair of gloves
   (You found it on level 6 of the Dungeon)
Magical Staves
 h - a staff of cold {!a}
   (You found it on level 1 of the Dungeon)
Jewellery
 o - the ring of Gaafaphi (left branch) {Fly rElec rN+ SInv}
   (You found it on level 2 of the Dungeon)

   [ring of flight]

   rElec:     It insulates you from electricity.
   rN+:       It protects you from negative energy.
   SInv:      It lets you see invisible.
   Fly:       It grants you flight.
 L - a ring of flight
   (You found it on level 5 of the Dungeon)
Talismans
 c - a beast talisman (active)
 d - a flux talisman
Wands
 j - a wand of light (6)
   (You found it on level 4 of the Dungeon)
Scrolls
 e - 2 scrolls of fog
 s - 5 scrolls of teleportation {@r4}
 z - a scroll of immolation {!r!r}
Potions
 g - 2 potions of cancellation
 i - 4 potions of curing {@q1}
 p - a potion of attraction {!q}

Dungeon Overview and Level Annotations

Branches:
Dungeon (7/15) Zot: 26888  Temple (1/1) D:6 Zot: 5966  Bailey (1/1) Zot: 5624

Altars:
Ashenzari
Cheibriados
Dithmenos
Fedhas
Gozag
Hepliaklqana
Kikubaaqudgha
Makhleb
Nemelex Xobeh
Qazlal
Ru
Sif Muna
Trog
Uskayaw
Vehumet
Wu Jian
Xom
Yredelemnul

Shops:
D:1

* ###.### ###.
###.....### ###...
##.........###.....
#..........)#......
#..........))......
#.....⌠....)#.....⌠
#...........#......
#..o........#......
###♣°.......###.....
###.#g#.....###
###...
###...)$###.### ###.
#!........### ##
#!?........ß# #
#?.........ß# #
#∩....⌠.....'.. #
#!.........ß#oo. #
#??........ß##.. #


You could see an orc warlord (blind, unable to see you) and a hobgoblin.


Message History

The bolt of light hits the orc warlord.
The orc warlord is blinded.
The bolt of light misses the orc.
It was a potion of degeneration.
There was something very wrong with that liquid.
You feel weakened.
You feel dopey.
You feel clumsy.
It was a potion of brilliance.
You feel clever all of a sudden.
A hobgoblin comes into view. It is wielding a +0 hand axe.
It was a potion of haste.
You feel yourself speed up.
The hobgoblin shouts!
The orc warlord hits you with a +5 battleaxe!
You block the orc's attack. 😕 HP[-12]
You take 12 damage, and now have 59/71 hp.
Your transformation has ended.
You turn into a tree.
The +2 scale mail of Noughts and Crosses {rF+ rC+ Regen+} melds into your body.
Your roots penetrate the ground.
The orc warlord hits you with a +5 battleaxe!!
The orc hits you but does no damage. 😮 HP[+11]
You now have 106 max hp (+35).
You regained 11 hp, and now have 70/106 hp.
You hit the orc warlord but do no damage. 😮 HP[+1]
You hit the orc warlord.
The orc warlord hits you with a +5 battleaxe!
You emit a cloud of foul miasma!
The orc barely misses you. 😮 HP[-11]
You take 11 damage, and now have 60/106 hp.
You catch the helpless orc warlord completely off-guard!
You smack the orc warlord!
The orc warlord is engulfed in dark miasma.
The orc warlord is poisoned.
The orc warlord seems to slow down.
The orc hits you with a +0 hand axe. 😮 HP[-1]
You take 1 damage, and now have 59/106 hp.
You cannot move.
You smack the orc!
You kill the orc!
The orc warlord is no longer moving slowly.
The orc warlord is no longer blind.
You cannot move.
You barely miss the orc warlord.
Your punch misses the orc warlord. 😮 HP[+1]
You barely miss the orc warlord.
You punch the orc warlord, but do no damage.
The hobgoblin hits you but does no damage.
The orc warlord hits you with a +5 battleaxe!!
* * * LOW HITPOINT WARNING * * *
😨 HP[-27]
You take 27 damage, and now have 33/106 hp.
MASSIVE DAMAGE!! (PAUSE)
Okay, then.
Okay, then.
Aiming: Bolt of Light
Press: ? - help, Shift-Dir - straight line The bolt of light hits the orc warlord.
The orc warlord is blinded.
The hobgoblin hits you with a +0 hand axe.
* * * LOW HITPOINT WARNING * * *
The orc warlord completely misses you. 😨 HP[-2]
You take 2 damage, and now have 31/106 hp.
You catch the helpless orc warlord completely off-guard!
You smack the orc warlord!
You hit the orc warlord but do no damage.
The hobgoblin hits you with a +0 hand axe.
* * * LOW HITPOINT WARNING * * *
The orc warlord hits you but does no damage. 😨 HP[-1]
You take 1 damage, and now have 30/106 hp.
You catch the helpless orc warlord completely off-guard!
You hit the orc warlord.
You punch the orc warlord, but do no damage.
You hit the orc warlord but do no damage.
The hobgoblin hits you with a +0 hand axe.
* * * LOW HITPOINT WARNING * * *
The orc warlord hits you but does no damage. 😨 HP[-1]
You take 1 damage, and now have 29/106 hp.
You hit the orc warlord but do no damage.
You punch the orc warlord, but do no damage.
The orc warlord looks more healthy.
The orc warlord is no longer blind.
The hobgoblin hits you but does no damage.
Aiming: Bolt of Light
Press: ? - help, Shift-Dir - straight line The bolt of light hits the orc warlord!
The orc warlord is blinded.
The orc warlord hits you but does no damage.
You hit the orc warlord.
The hobgoblin hits you but does no damage.
The orc warlord hits you with a +5 battleaxe!
* * * LOW HITPOINT WARNING * * *
😱 HP[-6]
You take 6 damage, and now have 23/106 hp.
You pummel the orc warlord!!
You hit the orc warlord but do no damage.
The hobgoblin barely misses you.
The orc warlord hits you with a +5 battleaxe!!
You die...
Ru respects your ultimate sacrifice.

Skill      XL: |  1  2  3  4  5  6  7  8  9 |
---------------+----------------------------+-----
Shapeshifting  | 3 4 5 6 7 8 |  8.4
Unarmed Combat | 3 4 6 8 |  8.6
Fighting       | 2 3 4 6 |  6.5
Dodging        | |  1.7

Action                     |  1- 3 |  4- 6 |  7- 9 || total
---------------------------+-------+-------+-------++-------
  Melee: Unarmed           |   110 |   126 |   214 ||   450
         Headbutt          |    16 |    23 |    34 ||    73
         Punch             |     1 |       |    10 ||    11
  Evoke: Wand              |       |       |     3 ||     3
    Use: Scroll            |       |    10 |     6 ||    16
         Potion            |       |       |     7 ||     7
   Stab: Sleeping          |     2 |     4 |       ||     6
         Invisible         |       |       |     3 ||     3
 Armour: Animal skin       |    58 |    67 |       ||   125
         Scale mail        |       |     7 |    75 ||    82
         Skin              |       |       |    56 ||    56
  Dodge: Dodged            |    65 |    50 |    49 ||   164
  Block: Other             |       |       |    18 ||    18

Levels and vault maps discovered:
D:1:      evilmike_arrival_rings, layout_basic, serial_shops, shop,
          kennysheep_decorative_pillar
D:2:      layout_basic, guppyfry_early_orc_mine
D:3:      layout_rooms, uniq_natasha
D:4:      layout_rooms, mainiacjoe_overflow_small_starburst
D:5:      layout_gridville, hellmonk_sif_muna_bookshelves
D:6:      layout_basic, minmay_temple_entry_grid
D:7:      layout_basic, serial_shops, shop, enter_bailey_3,
          minmay_chambers_of_fives, uniq_joseph
Temple:   hellmonk_temple_divided_pantheon
Bailey:   bailey_axe_minmay_hex_keep, bailey

Notes
Turn   | Place    | Note
-------+----------+-------------------------------------------
     0 | D:1      | kae the Demonspawn Shapeshifter began the quest for the
                  | Orb.
     0 | D:1      | Reached XP level 1. HP: 15/15 MP: 1/1
     0 | D:1      | magus.rc [v1.11.3]
   136 | D:1      | Found Mysmueh's Assorted Antiques.
   333 | D:1      | Gained mutation: You have a pair of small horns on your
                  | head. [demonic ancestry]
   333 | D:1      | Reached XP level 2. HP: 18/21 MP: 2/2
   399 | D:1      | Reached skill level 3 in Shapeshifting
   684 | D:2      | Reached skill level 3 in Unarmed Combat
   774 | D:2      | Gained mutation: You have a pair of horns on your head.
                  | [demonic ancestry]
   774 | D:2      | Reached XP level 3. HP: 26/26 MP: 3/3
  1185 | D:2      | Identified the ring of Gaafaphi {Fly rElec rN+ SInv}
  1322 | D:2      | HP: 4/27 [goblin/+0 club (4)]
  1332 | D:1      | HP: 3/27 [hobgoblin (4)]
  1334 | D:1      | HP: 1/27 [hobgoblin (2)]
  1493 | D:2      | Reached skill level 2 in Fighting
  1722 | D:2      | Gained mutation: You are partially covered in sharp spines.
                  | [demonic ancestry]
  1722 | D:2      | Reached XP level 4. HP: 31/33 MP: 4/4
  2241 | D:3      | Reached skill level 4 in Shapeshifting
  2241 | D:3      | Reached XP level 5. HP: 30/39 MP: 5/5
  2251 | D:3      | Noticed Natasha
  2264 | D:3      | Killed Natasha
  2333 | D:3      | Noticed Natasha
  2335 | D:3      | Killed Natasha
  2574 | D:3      | Noticed Natasha
  2579 | D:3      | Killed Natasha
  2827 | D:4      | Reached skill level 3 in Fighting
  2827 | D:4      | Reached XP level 6. HP: 46/47 MP: 6/6
  2831 | D:4      | Identified a scroll of acquirement
  2831 | D:4      | Acquired a manual of Unarmed Combat
  3046 | D:3      | Reached skill level 4 in Unarmed Combat
  3394 | D:4      | HP: 1/47 [cloud of flame (12)]
  3614 | D:4      | Identified the +2 scale mail of Noughts and Crosses {rF+
                  | rC+ Regen+}
  3832 | D:5      | Entered Level 5 of the Dungeon
  3851 | D:5      | Reached skill level 5 in Shapeshifting
  3921 | D:5      | Gained mutation: You are partially covered in large bone
                  | plates. (SH +4) [demonic ancestry]
  3921 | D:5      | Reached XP level 7. HP: 52/52 MP: 7/7
  4007 | D:5      | Reached skill level 5 in Unarmed Combat
  4195 | D:5      | Reached skill level 4 in Fighting
  4262 | D:5      | Noticed a wyvern
  4269 | D:5      | Killed a wyvern
  4270 | D:5      | Found a shimmering blue altar of Sif Muna.
  4703 | D:6      | Noticed a wyvern
  4708 | D:6      | Killed a wyvern
  4709 | D:6      | Reached skill level 6 in Shapeshifting
  4731 | D:6      | Reached skill level 6 in Unarmed Combat
  4731 | D:6      | Gained mutation: You may rarely emit foul miasma when
                  | damaged in melee. [demonic ancestry]
  4731 | D:6      | Reached XP level 8. HP: 59/61 MP: 8/8
  4945 | D:6      | Found a staircase to the Ecumenical Temple.
  4958 | Temple   | Found a transporter.
  4958 | Temple   | Found a transporter.
  4958 | Temple   | Found a transporter.
  4958 | Temple   | Found a transporter.
  4958 | Temple   | Entered the Ecumenical Temple
  4977 | Temple   | Became a worshipper of Ru the Awakened
  5342 | D:7      | Reached skill level 5 in Fighting
  5397 | D:7      | Found a flagged portal.
  5413 | Bailey   | Entered a bailey
  5444 | Bailey   | Reached skill level 7 in Unarmed Combat
  5444 | Bailey   | Reached skill level 7 in Shapeshifting
  5458 | Bailey   | HP: 8/62 [orc warrior/+0 war axe (18)]
  5656 | Bailey   | Noticed an orc knight
  5675 | Bailey   | Killed an orc knight
  5676 | Bailey   | Reached skill level 6 in Fighting
  5676 | Bailey   | Reached skill level 8 in Unarmed Combat
  5676 | Bailey   | Reached XP level 9. HP: 37/69 MP: 9/9
  5679 | Bailey   | HP: 18/103 [orc warrior/+0 war axe (10)]
  5685 | Bailey   | Reached skill level 8 in Shapeshifting
  5752 | Bailey   | Identified the amulet "Daucking" {^Fragile rF+ Will+
                  | RegenMP+ Int+6}
  5783 | Bailey   | Noticed an orc warlord
  5811 | Bailey   | HP: 23/106 [orc warlord/+5 battleaxe (7)]
  5813 | Bailey   | Slain by an orc warlord

Vanquished Creatures
  An orc knight (Bailey)
  2 wyverns
  2 ice beasts (D:6)
  11 orc warriors
  2 phantoms
  A howler monkey (D:5)
  An orc priest (D:4)
  A bombardier beetle (D:5)
  4 hounds
  2 sleepcaps
  Natasha (thrice) (D:3)
  2 iguanas
  2 orc wizards
  18 gnolls
  4 adders
  A white imp (D:5)
  2 ufetubi (D:6)
  5 ribbon worms
  2 dart slugs
  25 orcs
  9 endoplasms
  4 giant cockroaches
  25 goblins
  16 hobgoblins
  5 quokkas
  8 ball pythons
  6 bats
  A frilled lizard (D:1)
  6 kobolds
  5 rats
176 creatures vanquished.

Table legend:
 A = Non-vault XP
 B = Vault XP
 C = Vault XP percentage of total XP
 D = Non-vault monster count
 E = Vault monster count
 F = Vault count percentage of total count
                 A         B        C        D         E       F
            +---------+---------+-------+---------+---------+-------
      Total |    2018 |    2138 |  51.4 |     115 |      61 |  34.7
            +---------+---------+-------+---------+---------+-------
        D:1 |      22 |       5 |  18.5 |      14 |       2 |  12.5
        D:2 |      78 |      12 |  13.3 |      25 |       5 |  16.7
        D:3 |     175 |      35 |  16.7 |      27 |       1 |   3.6
        D:4 |     207 |       0 |   0.0 |      14 |       0 |   0.0
        D:5 |     669 |       0 |   0.0 |      18 |       0 |   0.0
        D:6 |     637 |       0 |   0.0 |       8 |       0 |   0.0
        D:7 |     230 |       8 |   3.4 |       9 |       4 |  30.8
     Bailey |       0 |    2078 | 100.0 |       0 |      49 | 100.0
            +---------+---------+-------+---------+---------+-------

Skill      XL: |  1  2  3  4  5  6  7  8  9 |
---------------+----------------------------+-----
Shapeshifting  | 3 4 5 6 7 8 |  8.4
Unarmed Combat | 3 4 6 8 |  8.6
Fighting       | 2 3 4 6 |  6.5
Dodging        | |  1.7

Action                     |  1- 3 |  4- 6 |  7- 9 || total
---------------------------+-------+-------+-------++-------
  Melee: Unarmed           |   110 |   126 |   214 ||   450
         Headbutt          |    16 |    23 |    34 ||    73
         Punch             |     1 |       |    10 ||    11
  Evoke: Wand              |       |       |     3 ||     3
    Use: Scroll            |       |    10 |     6 ||    16
         Potion            |       |       |     7 ||     7
   Stab: Sleeping          |     2 |     4 |       ||     6
         Invisible         |       |       |     3 ||     3
 Armour: Animal skin       |    58 |    67 |       ||   125
         Scale mail        |       |     7 |    75 ||    82
         Skin              |       |       |    56 ||    56
  Dodge: Dodged            |    65 |    50 |    49 ||   164
  Block: Other             |       |       |    18 ||    18

Illustrated notes

Table legend:
 A = Kills in this place as a percentage of kills in the entire game.
 B = Kills by you in this place as a percentage of kills by you in the entire game.
 C = Kills by friends in this place as a percentage of kills by friends in the entire game.
 D = Other kills in this place as a percentage of other kills in the entire game.
 E = Experience gained in this place as a percentage of experience gained in the entire game.
 F = Experience gained in this place divided by the number of levels of this place that you have seen.
                   A       B       C       D       E      F
               +-------+-------+-------+-------+-------+----------------------
         Total | 100.0 | 100.0 |   N/A |   N/A | 100.0 | 461.8
       Dungeon |  72.2 |  72.2 |   N/A |   N/A |  50.0 | 296.9
        Bailey |  27.8 |  27.8 |   N/A |   N/A |  50.0 | 2078.0
               +-------+-------+-------+-------+-------+----------------------

Table legend: (Time is in decaauts)
 A = Elapsed time spent in this place.
 B = Non-inter-level travel time spent in this place.
 C = Inter-level travel time spent in this place.
 D = Time resting spent in this place.
 E = Time spent auto-exploring this place.
 F = Levels seen in this place.
 G = Mean time per level.
                   A        B        C        D        E       F      G
               +--------+--------+--------+--------+--------+-----+--------+
         Total |   5769 |   5627 |    142 |    755 |   3762 |   9 |  641.0 |
       Dungeon |   5360 |   5227 |    133 |    635 |   3707 |   7 |  765.7 |
        Temple |     33 |     24 |      9 |      0 |      0 |   1 |   33.0 |
        Bailey |    375 |    375 |      0 |    120 |     55 |   1 |  375.0 |
               +--------+--------+--------+--------+--------+-----+--------+

Top non-repeatable levels by time:
     D:2: 1056 daAuts
     D:3: 954 daAuts
     D:4: 948 daAuts
     D:1: 864 daAuts
     D:6: 748 daAuts
     D:5: 698 daAuts
  Bailey: 375 daAuts
     D:7: 90 daAuts
  Temple: 33 daAuts
